[Event "Prague Open 2024"]
[Site "Prague"]
[Date "2024.01.11"]
[Round "8.18"]
[White "Arndt, Stefan"]
[Black "Filindash, Nikita"]
[Result "1-0"]
[ECO "D02"]
[WhiteElo "2130"]
[BlackElo "1916"]
[Annotator "TA"]
[PlyCount "67"]
[EventDate "2024.01.02"]
[EventType "swiss"]
[EventCountry "CZE"]
[SourceTitle "playchess.com"]
[Source "ChessBase"]
[SourceQuality "1"]
[TimeControl "40/5400+30:1800+30"]

1. d4 d5 2. Nf3 e6 3. c4 c6 4. e3 Nf6 5. b3 Nbd7 6. Bd3 Bd6 7. Bb2 O-O 8. O-O b6 9. Nc3 Bb7 10. Rc1 Rc8 11. Qe2 Qe7 12. e4 dxe4 {[%emt 0:00:05] The position is equal.} 13. Nxe4 Nxe4 14. Qxe4 {[%emt 0:00:05][%csl Gd3][%cal Re4h7] [#]} f5 15. Qe2 c5 16. Rfe1 (16. dxc5 $11 Bxc5 17. Kh1) 16... Rfe8 $2 {[%emt 0:00:40] [#]} (16... Bxf3 $15 {stays ahead.} 17. Qxf3 cxd4) 17. d5 $1 $16 {[%emt 0:01:10][%mdl 512] Black is on the road to losing.} Nf6 (17... exd5 18. Qc2) 18. Qxe6+ ({Don't play} 18. dxe6 $6 Ne4 $11) 18... Qxe6 19. Rxe6 Rxe6 20. dxe6 Be4 21. Rd1 {[%emt 0:12:50] Black must now prevent Nh4.} Re8 (21... Bxf3 $16 {was called for.} 22. gxf3 Be7 23. Bxf5 g6) 22. Bxf6 $18 {[%emt 0:00:16] Bxe4 would now be deadly.} Bxf3 23. gxf3 gxf6 24. Bxf5 {[%emt 0:00:08][%mdl 4096] Endgame. KRB-KRB} Rd8 {[%emt 0:00:09][%cal Od6h2] And now ...Bxh2+! would win.} 25. Kg2 Be7 26. Rd7 Rxd7 27. exd7 {[%emt 0:00:04] f4 is the strong threat. KB-KB} Bd8 28. f4 Bc7 29. Kf3 {[%emt 0:00:05] Strongly threatening Ke4.} h6 $2 (29... Kf7 30. Ke4 (30. Bxh7 Ke6 $18) 30... Ke7) 30. Ke4 {[%emt 0:04:42] White is clearly winning.} Kf7 31. Kd5 Ke7 32. h3 Bxf4 33. Kc6 Kd8 34. Kb7 {[%emt 0:00:08] Weighted Error Value: White=0.07 (flawless) /Black=0.38.  Mistake:       	White=1     	Black=3      OK:         	White=7     	Black=6      Best:        	White=2     	Black=2      Brilliant:      	White=1     	---} 1-0

[Event "Prague Open 2024"]
[Site "Prague"]
[Date "2024.01.11"]
[Round "8.19"]
[White "Golis, Wiktor"]
[Black "Tolmacevs, Artjoms"]
[Result "1-0"]
[ECO "B23"]
[WhiteElo "2123"]
[BlackElo "1928"]
[Annotator "TA"]
[PlyCount "73"]
[EventDate "2024.01.02"]
[EventType "swiss"]
[EventCountry "CZE"]
[SourceTitle "playchess.com"]
[Source "ChessBase"]
[SourceQuality "1"]
[TimeControl "40/5400+30:1800+30"]

1. e4 c5 2. Nc3 d6 3. d4 cxd4 4. Qxd4 Nc6 5. Qd2 g6 6. b3 Bh6 7. f4 Nf6 8. Bb2 {[%emt 0:00:08] The position is equal.} O-O 9. O-O-O e5 10. g3 Re8 11. Kb1 Bg4 12. Be2 Bxe2 13. Ngxe2 exf4 14. gxf4 Nh5 $2 {[%emt 0:08:08] Prevents Ng3. This move loses the game for Black.} (14... Nxe4 $16 {is a better defense.} 15. Nxe4 Rxe4) 15. Nd5 $18 (15. Qxd6 Qxd6 16. Rxd6 Nxf4 $11) 15... Bg7 16. Bxg7 Kxg7 (16... Nxg7 17. Ng3 a5) 17. Ng3 Nf6 18. Qc3 Re6 {[%emt 0:01:20] [#]} 19. Nf5+ $1 Kf8 (19... gxf5 20. exf5) 20. Nh6 {[%emt 0:03:41][%cal Oh6g4] Threatens to win with Ng4!} Rc8 21. Qb2 (21. f5 Ne5 22. Qb4 Nxd5 23. Rxd5 gxf5 $11) 21... Nb8 22. f5 Nxd5 23. exd5 ({Not} 23. Qh8+ Ke7 24. Qxh7 (24. Qxd8+ Rxd8 25. fxe6 Nc3+ 26. Kc1 Kxe6 $11) 24... Nc3+ 25. Kc1 Ne2+ 26. Kb2 Qh8+ 27. Qxh8 Rxh8 $16) 23... Re5 24. Rhe1 f6 25. fxg6 hxg6 26. Ng4 Rxe1 $2 (26... Nd7 27. Nxe5 Nxe5) 27. Rxe1 Nd7 28. Re6 Qb6 29. Qc1 {[%emt 0:04:50] [#] Dodges Qg1. Qh6+ would kill now.} Kf7 30. Qe1 Qd8 {[%emt 0:03:49] Against Re7+} 31. Rxd6 {[%emt 0:01:51] Threatening mate with Qe6+.} Qc7 32. Qe6+ Kf8 33. c4 (33. Rxd7 $2 {leads to mate.} Qxc2+ 34. Ka1 Qc1#) 33... Qc5 34. Rxd7 {[%emt 0:03:29][%csl Gd7][%cal Re6f7] White mates.} Qg1+ 35. Kc2 Qg2+ 36. Kc3 Qf3+ 37. Kb4 {[%emt 0:00:52] Weighted Error Value: White=0.24 (precise) /Black=0.54.  Loses game:     	---       	Black=1      Mistake:       	---       	Black=2      Inaccurate:     	White=3     	Black=4      OK:         	White=12    	Black=10     Best:        	White=1     	---} 1-0

[Event "Prague Open 2024"]
[Site "Prague"]
[Date "2024.01.11"]
[Round "8.20"]
[White "Shen, Zhiyuan"]
[Black "Krupa, Miroslav"]
[Result "1/2-1/2"]
[ECO "B99"]
[WhiteElo "1937"]
[BlackElo "2119"]
[Annotator "TA"]
[PlyCount "65"]
[EventDate "2024.01.02"]
[EventType "swiss"]
[EventCountry "CZE"]
[SourceTitle "playchess.com"]
[Source "ChessBase"]
[SourceQuality "1"]
[TimeControl "40/5400+30:1800+30"]

1. e4 c5 2. Nf3 d6 3. d4 cxd4 4. Nxd4 Nf6 5. Nc3 a6 6. Bg5 e6 7. f4 Be7 8. Qf3 Qc7 9. O-O-O Nbd7 10. g4 b5 11. Bxf6 Nxf6 12. g5 Nd7 13. f5 O-O 14. Kb1 b4 15. Nce2 e5 {[%emt 0:00:54] [#] Es drohte Nf4} 16. f6 $1 exd4 17. fxe7 Re8 18. Nxd4 Ne5 19. Qg3 Bg4 20. Be2 Bxe2 21. Nxe2 Qxe7 (21... Rac8 $11 22. Qb3 Qxe7 (22... Rxe7 23. Nf4 $11)) 22. Rd4 (22. Nf4 $14) 22... Nc6 23. Rxd6 (23. Rc4 $5) 23... Qxe4 24. Rc1 Rac8 (24... Ne5 $5 25. Ng1 Nc4 $15) 25. Rd2 Ne5 {[%emt 0:20:53] [#] Droht stark ...Nc4.} 26. Qf4 (26. Nf4 $15) 26... Nc4 (26... Nf3 $17 27. Rd7 Qxf4 (27... Qxe2 28. Qxf7+ Kh8 29. Qxg7#) 28. Nxf4 Nxg5) 27. Rd7 $1 $15 Qe6 (27... Qxe2 28. Qxf7+ Kh8 29. Qxg7#) 28. Rcd1 Qg6 ({Schwächer ist} 28... Qxe2 29. Qxf7+ Kh8 30. Qxg7#) (28... a5 $15) 29. Rc7 $1 $11 {[%emt 0:03:56] Die Stellung ist ausgeglichen.} Rxc7 30. Qxc7 {[%emt 0:00:09] Rd8 ist eine echte Drohung.} Qe4 ({Nicht} 30... Rxe2 31. Rd8+) 31. Nc1 g6 32. Rd8 {[%emt 0:03:39] Und Rxe8+ würde nun gewinnen.} Rxd8 33. Qxd8+ {[%emt 0:00:05] Gewichteter Fehlerwert: Weiß=0.16 (sehr präzise) /Schwarz=0.13 (sehr präzise) .  Fehler:       	Weiß=2     	Schwarz=3     Ungenau:       	Weiß=4     	---        OK:         	Weiß=6     	Schwarz=9     Bester:       	---       	Schwarz=2     Stark:        	Weiß=2     	---        Brilliant:      	Weiß=1     	---} 1/2-1/2

[Event "Prague Open 2024"]
[Site "Prague"]
[Date "2024.01.12"]
[Round "9.2"]
[White "Sowinski, Pawel"]
[Black "Tobak, Mikhail"]
[Result "1-0"]
[ECO "C00"]
[WhiteElo "2357"]
[BlackElo "2288"]
[Annotator "RC"]
[PlyCount "85"]
[EventDate "2024.01.02"]
[EventType "swiss"]
[EventCountry "CZE"]
[SourceTitle "playchess.com"]
[Source "ChessBase"]
[SourceQuality "1"]
[TimeControl "40/5400+30:1800+30"]

1. e4 e6 2. d3 d5 3. Qe2 dxe4 4. dxe4 e5 5. Nf3 Nc6 6. g3 Bd6 7. Bg2 a5 8. O-O b6 9. Nc3 Ba6 10. Nb5 Bc5 11. Rd1 Qe7 12. Bh3 Nf6 13. Bd7+ Qxd7 14. Rxd7 Kxd7 15. Be3 Bxe3 16. fxe3 Nxe4 17. Qc4 Bxb5 18. Qxe4 f6 19. Qd5+ Kc8 20. Qxb5 Kb7 21. Rd1 Rad8 22. Rxd8 Rxd8 23. Qe2 g5 24. a3 h6 25. g4 Ne7 26. Nd2 Kb8 27. Ne4 f5 28. gxf5 Nxf5 29. c4 Nh4 30. c5 Ka7 31. b4 axb4 32. axb4 Kb7 33. Qb5 Rd1+ 34. Kf2 Rc1 35. c6+ Kb8 36. Qa6 Rc2+ 37. Kf1 Rc1+ 38. Ke2 Rc2+ 39. Kf1 Rc1+ 40. Kf2 Rc2+ 41. Kg3 Rxc6 42. Nc5 Nf5+ 43. Kf2 1-0

[Event "Prague Open 2024"]
[Site "Prague"]
[Date "2024.01.12"]
[Round "9.3"]
[White "Keller, Peter"]
[Black "Eliseev, Sergey"]
[Result "1-0"]
[ECO "B90"]
[WhiteElo "2289"]
[BlackElo "2232"]
[Annotator "TA"]
[PlyCount "119"]
[EventDate "2024.01.02"]
[EventType "swiss"]
[EventCountry "CZE"]
[SourceTitle "playchess.com"]
[Source "ChessBase"]
[SourceQuality "1"]
[TimeControl "40/5400+30:1800+30"]

1. e4 c5 2. Nf3 d6 3. d4 cxd4 4. Nxd4 Nf6 5. Nc3 a6 6. f3 e5 7. Nb3 Be6 8. Be3 h5 {is the new trend.} 9. Nd5 {B90: Sicilian Najdorf: Unusual White 6th moves, 6 Be3 Ng4 and 6 Be3 e5.} Bxd5 10. exd5 g6 11. Qd2 Nbd7 12. O-O-O Qc7 13. Kb1 Bg7 14. c4 a5 (14... O-O $11) 15. Nc1 $146 (15. Na1 $14) ({Predecessor:} 15. g3 O-O 16. Rc1 a4 17. Na1 e4 18. f4 Ng4 19. Bd4 e3 20. Bxe3 Nxe3 21. Qxe3 {0-1 Lowes,D (2614)-Vaibhav,S (2591) Titled Tuesday intern op 4th Febr blitz 2020 (7)}) 15... e4 (15... O-O $11) 16. fxe4 ({Better is} 16. Nb3 $14) 16... Nxe4 17. Qc2 Nec5 18. h3 O-O 19. g4 h4 20. Bf2 Nb6 21. Nb3 Nca4 22. Nd4 (22. Bxh4 $2 Nxb2 23. Rc1 a4 $19) 22... Rfc8 23. Be2 (23. Bxh4 Nxc4 24. Bxc4 (24. Qxa4 $2 Nd2+ 25. Ka1 Qc1+ 26. Rxc1 Rxc1#) 24... Qxc4 $17) 23... Qe7 24. Rhe1 Nc5 ({Black should play} 24... Qf6 $14 25. Rf1 Ra6) 25. Nf3 (25. Nb5 $16) 25... Nba4 $11 26. Bxh4 (26. Nxh4 $2 {is the wrong capture.} Nxb2 (26... Bxb2 27. Bxc5 Qxh4 28. Qxa4 $15) 27. Bf1 Qd8 $19) (26. Bd4 {simplifies} Qe4 27. Nxh4 Bxd4 28. Qxe4 Nxe4 29. Rxd4 Re8 30. Ng2) 26... Qe4 27. Nd4 $1 Qf4 {[#]} 28. Rf1 $1 Qh6 $2 (28... Qe5 $14) 29. Bg3 $2 (29. Bf6 $18) 29... Qh8 $1 $11 30. Bf2 Re8 $2 {[#]} (30... Ra6 $1 $11 {and Black has nothing to worry.}) 31. Bf3 $1 $18 Ra6 32. b3 Nb6 33. Nb5 Rd8 34. h4 (34. Nxd6 Rxd6 35. Bxc5 Na4 $18) 34... Nbd7 35. a4 Rb6 36. Ka2 Rc8 (36... Na6 $142 37. Ka3 (37. Bxb6 Nb4+ 38. Kb1 Nxc2 $17) 37... Ndc5) 37. g5 $18 Rxb5 38. axb5 ({Don't play} 38. cxb5 Ne5 39. Be2 Ned7) 38... Nb6 (38... Ne5 $142 39. Be2 Ncd7) 39. Bg4 $18 Rc7 40. Rfe1 Be5 41. Bg3 Ncd7 42. Bxd7 Nxd7 43. Bxe5 Nxe5 44. Re4 b6 45. Qf2 Qh5 46. Qe2 Qh8 47. Qe3 Rc5 48. Rxe5 Qxe5 49. Qxe5 dxe5 50. Re1 Kg7 51. Rxe5 Rc8 52. d6 Rd8 53. Rd5 f5 54. gxf6+ Kxf6 55. b4 axb4 56. Kb3 Ke6 57. Kxb4 Rxd6 58. Rxd6+ Kxd6 59. c5+ bxc5+ 60. Kc4 1-0

[Event "Prague Open 2024"]
[Site "Prague"]
[Date "2024.01.12"]
[Round "9.4"]
[White "Poetsch, Hagen"]
[Black "Wang, Yukun"]
[Result "1/2-1/2"]
[ECO "B42"]
[WhiteElo "2471"]
[BlackElo "2117"]
[Annotator "TA"]
[PlyCount "64"]
[EventDate "2024.01.02"]
[EventType "swiss"]
[EventCountry "CZE"]
[SourceTitle "playchess.com"]
[Source "ChessBase"]
[SourceQuality "1"]
[TimeControl "40/5400+30:1800+30"]

1. e4 c5 2. Nf3 e6 3. d4 cxd4 4. Nxd4 a6 5. Bd3 Qc7 6. O-O Nf6 7. Qe2 d6 8. c4 Be7 9. Nc3 Nc6 10. Nxc6 bxc6 11. f4 {[%emt 0:00:20] B42: Sicilian: Kan Variation: 5 Bd3.} Nd7 12. Be3 c5 {[%emt 0:04:02] [#]} 13. Rae1 $146 {[%emt 0:05:37][%cal Oe4e5] White is more active. White is better.} ({Predecessor:} 13. Rad1 Bb7 14. Bc2 Rd8 15. Qg4 O-O 16. Qh3 Rfe8 17. f5 exf5 18. Rxf5 Ne5 19. Rdf1 {1-0 Stellwagen,D (2630)-Nikolov,M (2563) Olympiad-40 Istanbul 2012 (7.4)}) 13... O-O 14. Rf3 g6 15. Rh3 Bf6 16. Nd1 (16. Qd2 $14) 16... Bg7 $11 17. Bd2 Bb7 18. Bc3 Rae8 19. Bxg7 Kxg7 20. Qd2 f5 $1 21. Qc3+ Nf6 $1 22. Nf2 fxe4 (22... d5 {is more complex.} 23. cxd5 exd5 24. exf5 d4) 23. Nxe4 Bxe4 24. Rxe4 e5 25. Ree3 exf4 26. Ref3 {[%emt 0:00:13] [#]} (26. Rxe8 $1 $15 Rxe8 27. Rh4) 26... d5 $1 27. cxd5 {[%emt 0:00:06][%cal Oh3h4] [#]} Re5 $1 28. b4 (28. Rxf4 $2 {is the wrong capture.} Nxd5 29. Rfh4 h5 $19) 28... Nxd5 29. Qxc5 Qxc5+ 30. bxc5 Nb4 (30... Ne3 $17 31. g3 Rxc5 32. gxf4 Rc1+ 33. Kf2 Nd5) 31. a3 $1 Nxd3 32. Rxd3 Rf7 {[%emt 0:00:41] Prevents Rd7.   Weighted Error Value: White=0.17 (very precise) /Black=0.11 (very precise)} 1/2-1/2

[Event "Prague Open 2024"]
[Site "Prague"]
[Date "2024.01.12"]
[Round "9.5"]
[White "Shagbazyan, Taron"]
[Black "Krstic, Andrija Marko"]
[Result "1/2-1/2"]
[ECO "D45"]
[WhiteElo "2403"]
[BlackElo "2113"]
[Annotator "RC"]
[PlyCount "163"]
[EventDate "2024.01.02"]
[EventType "swiss"]
[EventCountry "CZE"]
[SourceTitle "playchess.com"]
[Source "ChessBase"]
[SourceQuality "1"]
[TimeControl "40/5400+30:1800+30"]

1. d4 d5 2. c4 c6 3. Nf3 Nf6 4. Nc3 e6 5. e3 Nbd7 6. Qc2 Bd6 7. Bd3 O-O 8. O-O dxc4 9. Bxc4 e5 10. b3 exd4 11. exd4 Nb6 12. Bg5 h6 13. Bh4 Be7 14. h3 Nh5 15. Bxe7 Qxe7 16. Rfe1 Qd8 17. Qe4 Nf6 18. Qf4 Nbd5 19. Nxd5 cxd5 20. Bd3 Be6 21. Ne5 Rc8 22. Rad1 Re8 23. Bb1 Nh5 24. Qf3 Nf6 25. Qe3 Qa5 26. f3 Qc3 27. Qf2 a5 28. g4 Nd7 29. h4 Nxe5 30. dxe5 Red8 31. Rd4 a4 32. Bd3 axb3 33. axb3 Ra8 34. b4 Ra2 35. Re2 Rxe2 36. Bxe2 Ra8 37. Rd3 Qxe5 38. Bf1 Ra1 39. Rd2 Rb1 40. b5 Bd7 41. Kg2 Bxb5 42. Bxb5 Rxb5 43. Re2 Qc3 44. Rc2 Qb3 45. Qe2 Kh7 46. h5 Rb4 47. Rd2 Qc4 48. Qe5 Qc6 49. Qf5+ Kg8 50. Rxd5 Rb2+ 51. Kh3 Qc7 52. Re5 Kf8 53. Qe4 Qc6 54. Qd3 Kg8 55. Rd5 Re2 56. Rd6 Re3 57. Rxc6 Rxd3 58. Rc8+ Kh7 59. Rc7 Rxf3+ 60. Kg2 Rb3 61. Rxf7 b5 62. Rb7 Kg8 63. Kf2 b4 64. Rb5 Rb2+ 65. Kf3 b3 66. g5 hxg5 67. Rxg5 Rh2 68. Kg3 b2 69. Rb5 Rc2 70. Rb7 Kf8 71. Kf4 Ke8 72. Ke4 Kd8 73. Kd3 Rh2 74. Kc3 Kc8 75. Rxb2 Rxb2 76. Kxb2 Kd7 77. h6 gxh6 78. Kc2 Ke6 79. Kd3 Kf5 80. Ke3 Kg4 81. Kf2 Kh3 82. Kg1 1/2-1/2

[Event "Prague Open 2024"]
[Site "Prague"]
[Date "2024.01.12"]
[Round "9.6"]
[White "Pyrig, Roman"]
[Black "Xie, Felix"]
[Result "1/2-1/2"]
[ECO "B40"]
[WhiteElo "2154"]
[BlackElo "2249"]
[Annotator "RC"]
[PlyCount "84"]
[EventDate "2024.01.02"]
[EventType "swiss"]
[EventCountry "CZE"]
[SourceTitle "playchess.com"]
[Source "ChessBase"]
[SourceQuality "1"]
[TimeControl "40/5400+30:1800+30"]

1. e4 c5 2. Nf3 e6 3. g3 d5 4. exd5 exd5 5. d4 cxd4 6. Nxd4 Nc6 7. Bg2 Bc5 8. c3 Nge7 9. O-O O-O 10. Be3 Qb6 11. Nxc6 bxc6 12. Bxc5 Qxc5 13. Nd2 Nf5 14. Rc1 a5 15. c4 Qd4 16. Rc3 Ba6 17. Qc2 Qe5 18. Nf3 Qf6 19. Re1 Rfe8 20. Rxe8+ Rxe8 21. b3 Nd4 22. Nxd4 Re1+ 23. Bf1 Qxd4 24. Kg2 c5 25. Be2 dxc4 26. bxc4 Bb7+ 27. Bf3 Bxf3+ 28. Rxf3 g6 29. Qb3 Kg7 30. Rf4 Qd1 31. Qxd1 Rxd1 32. Rf3 Rc1 33. Ra3 Rxc4 34. Rxa5 Rc3 35. Ra7 c4 36. h4 h5 37. a4 Ra3 38. Kf1 Ra2 39. a5 c3 40. Rc7 c2 41. Kg2 c1=N 42. Rxc1 Rxa5 1/2-1/2

[Event "Prague Open 2024"]
[Site "Prague"]
[Date "2024.01.12"]
[Round "9.7"]
[White "Trapl, Dalibor"]
[Black "Stanojevic, Ilija"]
[Result "0-1"]
[ECO "B32"]
[WhiteElo "2108"]
[BlackElo "2206"]
[Annotator "RC"]
[PlyCount "66"]
[EventDate "2024.01.02"]
[EventType "swiss"]
[EventCountry "CZE"]
[SourceTitle "playchess.com"]
[Source "ChessBase"]
[SourceQuality "1"]
[TimeControl "40/5400+30:1800+30"]

1. e4 c5 2. Nf3 Nc6 3. d4 cxd4 4. Nxd4 e5 5. Nb5 d6 6. c4 Be7 7. N1c3 a6 8. Na3 Be6 9. Nc2 Bg5 10. Be2 h6 11. O-O Nf6 12. b3 Bxc1 13. Rxc1 O-O 14. Qd2 Qa5 15. Rfd1 Rfd8 16. h3 Rac8 17. Bf3 b5 18. Nd5 Qxd2 19. Rxd2 Bxd5 20. exd5 Ne7 21. Ne3 bxc4 22. Rxc4 Rxc4 23. Nxc4 e4 24. Be2 Nexd5 25. Na5 Nc3 26. Bxa6 d5 27. b4 d4 28. Nc6 Rd6 29. b5 d3 30. Ne7+ Kf8 31. Nc8 Rd8 32. b6 Nd7 33. a4 Nc5 0-1

[Event "Prague Open 2024"]
[Site "Prague"]
[Date "2024.01.12"]
[Round "9.8"]
[White "Kirtadze, Anastasia"]
[Black "Matras, Ondrej"]
[Result "1-0"]
[ECO "C17"]
[WhiteElo "1981"]
[BlackElo "2185"]
[Annotator "TA"]
[PlyCount "145"]
[EventDate "2024.01.02"]
[EventType "swiss"]
[EventCountry "CZE"]
[SourceTitle "playchess.com"]
[Source "ChessBase"]
[SourceQuality "1"]
[TimeControl "40/5400+30:1800+30"]

1. e4 e6 2. d4 d5 3. Nc3 Bb4 4. e5 c5 5. a3 Ba5 6. b4 cxd4 7. Qg4 Kf8 {Heutzutage beliebter als 7...Ne7. C18: Französische Verteidigung (Nimzowitsch-Variante).} 8. Nb5 Bb6 9. Nf3 (9. Nxd4 Qc7 $17) 9... Nc6 10. Bb2 (10. Nbxd4 Nxd4 11. Nxd4 Qc7 $19) 10... a6 11. Nbxd4 Nge7 12. Bd3 Nxd4 13. Nxd4 Bd7 $146 ({Predecessor:} 13... Nc6 14. h4 Nxe5 15. Qg3 Nxd3+ 16. cxd3 f6 17. O-O e5 18. Nf3 Qd7 19. Nxe5 fxe5 20. Qxe5 {1-0 Trifan,A (2249)-Perhinig,R (2241) GER-ch Net blitz qual5 2020 (13)}) 14. O-O Rc8 15. a4 h5 16. Qf4 Rh6 17. b5 Ng6 18. Qe3 axb5 19. axb5 Kg8 20. Kh1 h4 21. h3 Rh5 22. f4 Ne7 23. Qe2 g6 24. Qd2 Qe8 25. Rab1 Rh7 26. Rf3 Ra8 27. c4 Ra2 (27... dxc4 $14 28. Bxc4 Rc8) 28. Qb4 $16 Rg7 (28... dxc4 $16 29. Bxc4 Ra8) 29. c5 $18 Bd8 30. Ba3 Nf5 31. Nxf5 $1 gxf5 32. Rg1 (32. Bf1 $1 $18 {ist der präzise Gewinnweg.}) 32... Be7 33. Qb3 $1 Rxa3 34. Qxa3 Bxb5 35. Qb4 (35. Rb1 $14 Bc6 36. Qa5) 35... Bc6 $11 36. Qd4 Qf8 37. Rc1 Kh7 38. Bf1 Qa8 39. Rb3 Qa5 40. Qb4 Qa2 (40... Qxb4 $11 41. Rxb4 Bf8) 41. Rb2 $16 Qa8 42. Bb5 Bf8 (42... Bxb5 $16 43. Qxb5 Qa3) 43. Bxc6 $18 bxc6 {[#]} 44. Rb3 $2 (44. Qe1 $1 $18 Rg3 45. Ra1) 44... Qa6 $2 {[#]} (44... Qa2 $11 45. Rb2 Qa6) 45. Qd2 $1 $16 Qa4 46. Rb8 Rg8 47. Qb4 $2 ({Der einzige Zug:} 47. Rb7 $16 Kg6 48. Qf2) 47... Qa6 (47... Qa2 $11 48. Qb2 Qxb2 49. Rxb2 Rg3) 48. Qb7 Qe2 $1 49. Rg1 (49. Qxc6 $2 Qxg2#) (49. Qxf7+ $2 Rg7 $19) 49... Bxc5 $2 (49... Qh5 $14) 50. Qxf7+ Rg7 51. Qxe6 Qh5 52. Rgb1 (52. Qxc6 $142 Bxg1 53. Qa8 (53. Kxg1 Qd1+ 54. Kh2 Qd3 $11) 53... Kg6 54. Rf8 (54. Kxg1 Qd1+ 55. Kh2 Qd3 $11) 54... Qh7 55. Qd8 (55. Kxg1 Kh5 $18) 55... Kh5 56. Rh8 (56. Kxg1 d4 57. Rh8 Qxh8 58. Qxh8+ Kg6 59. Qe8+ Kh7 60. e6 d3) 56... Qxh8 57. Qxh8+ Kg6 58. Kxg1) 52... Qg6 $18 53. Qxg6+ Kxg6 54. Rc8 Be3 55. Rxc6+ Kh5 56. Rf6 Bxf4 57. Rxf5+ Bg5 58. e6 Re7 59. Re1 Kg6 60. Rxd5 Kf6 61. Rf1+ Kg6 62. Re5 Ra7 63. Re4 Be7 64. g3 hxg3 65. Rg4+ Kh6 66. Rxg3 Ra6 67. Re3 Kg6 68. Rf7 Ra7 69. Kg2 Rc7 70. Kf3 Ra7 71. Ke4 Rc7 72. Rg3+ Kh6 73. Rgg7 1-0

[Event "Prague Open 2024"]
[Site "Prague"]
[Date "2024.01.12"]
[Round "9.9"]
[White "Neuman, Petr"]
[Black "Krivanek, Vladimir"]
[Result "1-0"]
[ECO "A80"]
[WhiteElo "2398"]
[BlackElo "2091"]
[Annotator "RC"]
[PlyCount "63"]
[EventDate "2024.01.02"]
[EventType "swiss"]
[EventCountry "CZE"]
[SourceTitle "playchess.com"]
[Source "ChessBase"]
[SourceQuality "1"]
[TimeControl "40/5400+30:1800+30"]

1. d4 f5 2. Nc3 Nf6 3. f3 d5 4. Bg5 Nbd7 5. Qd3 c5 6. O-O-O e6 7. e4 c4 8. Qe3 fxe4 9. fxe4 Be7 10. Nf3 Nb6 11. Bxf6 Bxf6 12. exd5 Nxd5 13. Nxd5 Qxd5 14. Ne5 b5 15. Be2 Qd8 16. Qe4 Qd5 17. Bh5+ Ke7 18. Qe3 Rb8 19. Bf3 Qd6 20. Nc6+ Kf7 21. Nxb8 Qxb8 22. Kb1 Bd7 23. g4 Rc8 24. g5 Be7 25. Bg4 Qd6 26. Rde1 Rc6 27. Rhf1+ Ke8 28. d5 exd5 29. Bxd7+ Qxd7 30. Qd4 Re6 31. Qxg7 Rg6 32. Qh8+ 1-0

[Event "Prague Open 2024"]
[Site "Prague"]
[Date "2024.01.12"]
[Round "9.10"]
[White "Morchiashvili, Bachana"]
[Black "Rybackova, Lucie"]
[Result "1-0"]
[ECO "D55"]
[WhiteElo "2295"]
[BlackElo "1970"]
[Annotator "RC"]
[PlyCount "107"]
[EventDate "2024.01.02"]
[EventType "swiss"]
[EventCountry "CZE"]
[SourceTitle "playchess.com"]
[Source "ChessBase"]
[SourceQuality "1"]
[TimeControl "40/5400+30:1800+30"]

1. d4 Nf6 2. c4 e6 3. Nf3 d5 4. Nc3 Be7 5. Bg5 O-O 6. e3 c6 7. Bd3 Nbd7 8. O-O h6 9. Bh4 b6 10. Qe2 Bb7 11. Rfd1 Ne4 12. Bg3 f5 13. Rac1 Ndf6 14. cxd5 exd5 15. Ba6 Bxa6 16. Qxa6 Nxg3 17. hxg3 Bd6 18. Ne2 Qd7 19. Nf4 Kh7 20. Qa4 Rac8 21. Rc2 Rc7 22. Rdc1 Rfc8 23. b4 g5 24. Nd3 c5 25. Qxd7+ Nxd7 26. bxc5 bxc5 27. dxc5 Nxc5 28. Nxc5 Rxc5 29. Rxc5 Rxc5 30. Rxc5 Bxc5 31. Kf1 Kg7 32. Ne5 Bb6 33. Ke2 Kf6 34. Nc6 Ke6 35. Kd3 Bc5 36. a4 Kd6 37. Nd8 Ke7 38. Nb7 Bb4 39. Kd4 Be1 40. Kxd5 Bxf2 41. Nd6 Kf6 42. e4 Bxg3 43. Nxf5 Be1 44. Nxh6 Bc3 45. g4 a5 46. Nf5 Bb2 47. Nd6 Bc3 48. e5+ Kg6 49. e6 Bf6 50. Ne4 Be7 51. Kc6 Kg7 52. Kd7 Kf8 53. Nd6 Bf6 54. Nc4 1-0

[Event "Prague Open 2024"]
[Site "Prague"]
[Date "2024.01.12"]
[Round "9.11"]
[White "Mgeladze, Kesaria"]
[Black "Vojta, Jakub"]
[Result "0-1"]
[ECO "B10"]
[WhiteElo "2038"]
[BlackElo "2261"]
[Annotator "RC"]
[PlyCount "168"]
[EventDate "2024.01.02"]
[EventType "swiss"]
[EventCountry "CZE"]
[SourceTitle "playchess.com"]
[Source "ChessBase"]
[SourceQuality "1"]
[TimeControl "40/5400+30:1800+30"]

1. e4 c6 2. Nf3 d5 3. Nc3 dxe4 4. Nxe4 Nf6 5. Qe2 Nxe4 6. Qxe4 Nd7 7. Bc4 Nf6 8. Ne5 e6 9. Qe2 b5 10. Nxc6 Qb6 11. Bd3 Bb7 12. Ne5 a6 13. O-O Bd6 14. a4 h5 15. axb5 Ng4 16. Nf3 axb5 17. Rxa8+ Bxa8 18. Be4 O-O 19. d4 b4 20. Bg5 Bxe4 21. Qxe4 Qb5 22. h4 Qa6 23. Re1 Rc8 24. Ne5 Bxe5 25. dxe5 Qb6 26. Be3 Qb5 27. Bd2 Qc5 28. Qf4 Rd8 29. Bxb4 Qxc2 30. Bc3 Rd1 31. Qf3 Rxe1+ 32. Bxe1 Qxb2 33. Qa8+ Kh7 34. Qe4+ g6 35. g3 Qxe5 36. Qxe5 Nxe5 37. Bc3 Nc6 38. Kg2 e5 39. Kf3 f5 40. Ke3 Kg8 41. Kd3 Kf7 42. Ke3 Ke6 43. Kd3 Kd5 44. Bd2 Nd4 45. Bc3 Nb5 46. Bb2 Nd6 47. Ba1 Ne4 48. Ke3 Nf6 49. Kd3 Ng4 50. Ke2 Nh2 51. Ke3 Ng4+ 52. Ke2 e4 53. Bc3 Kc4 54. Bg7 Kd5 55. Bc3 Ke6 56. Bd2 Ne5 57. Be3 Nd3 58. Bd2 Ne5 59. Be3 Nc4 60. Bh6 Kd5 61. Bg5 Ke5 62. Bh6 Kd4 63. Bg7+ Kc5 64. Bh6 Kb4 65. Bg5 Kc3 66. Bf6+ Kc2 67. Bg5 Ne5 68. Bf4 Nf3 69. Be3 Kc3 70. Bh6 Nd4+ 71. Ke3 Ne6 72. Ke2 Kd4 73. Bc1 Kd5 74. Bh6 Ke5 75. Ke3 Kf6 76. Bf4 Kf7 77. Bh6 Ke7 78. Ke2 Kf6 79. Ke3 Ke5 80. Ke2 f4 81. gxf4+ Nxf4+ 82. Kf1 Kf5 83. Bg5 Kg4 84. Kg1 Nh3+ 0-1